 Dungeon Crawl Stone Soup version 0.13.0-11-g0187522 (webtiles) character file.

169 Malachi the Insei (level 4, -1/35 HPs)
             Began as a Centaur Transmuter on Oct 18, 2013.
             Slain by an orc wizard
             ... wielding a +0,+1 orcish dagger
              (2 damage)
             ... on Level 3 of the Dungeon.
             The game lasted 00:03:54 (2218 turns).

Malachi the Ruffian (Centaur Transmuter)            Turns: 2218, Time: 00:03:55

HP  -1/35        AC  5     Str 13      XL: 4   Next: 33%
MP   4/4         EV 15     Int 13      God:
Gold 78          SH  0     Dex 14      Spells:  1 memorised,  5 levels left

Res.Fire  : . . .   See Invis. : .     - Unarmed
Res.Cold  : . . .   Warding    : .   c - +0 robe
Life Prot.: . . .   Conserve   : .   (no shield)
Res.Poison: .       Res.Corr.  : .   (no helmet)
Res.Elec. : .       Clarity    : .   s - +0 cloak
Sust.Abil.: . .     Spirit.Shd : .   (no gloves)
Res.Mut.  : .       Stasis     : .   (no barding)
Res.Rott. : .       Flight     : .   (no amulet)
Saprovore : . . .                    (no ring)
                                     (no ring)

@: agile, slowed, slightly resistant to hostile enchantments, fairly stealthy
A: hooves 3, deformed body, herbivore 1, speed 2, fast metabolism 1, tough skin
3
a: no special abilities


You were on level 3 of the Dungeon.
You were hungry.

You visited 1 branch of the dungeon, and saw 4 of its levels.

You collected 58 gold pieces.

Inventory:

Missiles
 b - 12 arrows
 w - 7 poisoned needles
Armour
 c - a +0 robe (worn)
 s - a +0 cloak (worn)
Comestibles
 a - 3 bread rations
 f - a choko
 o - 2 pears
Scrolls
 e - 2 scrolls of remove curse {unknown}
 g - 4 scrolls of identify {unknown}
 h - a scroll of amnesia {unknown}
 i - a scroll of curse weapon {unknown}
 k - a scroll of fear {unknown}
 n - 2 scrolls of enchant weapon I {unknown}
 p - a scroll of enchant armour {unknown}
 r - a scroll of curse jewellery {unknown}
Potions
 j - a potion of curing
 t - a potion of heal wounds {unknown}
 v - a potion of berserk rage {unknown}
Books
 d - a book of Changes

   Spells                             Type                      Level
   *Beastly Appendage                 Transmutation                1
   Sticks to Snakes                   Transmutation                2
   Spider Form                        Transmutation/Poison         3
   Ice Form                           Ice/Transmutation            4
   Blade Hands                        Transmutation                5
 m - a book of the Dragon

   Spells                             Type                      Level
   Flight                             Charms/Air                   3
   Cause Fear                         Hexes                        4
   Bolt of Fire                       Conjuration/Fire             6
   Dragon Form                        Transmutation                7
   Summon Dragon                      Summoning                    9


   Skills:
 + Level 1.3 Fighting
 - Level 1.3 Dodging
 + Level 0.2 Stealth
 * Level 5.0 Unarmed Combat
 - Level 1.5 Spellcasting
 - Level 1.7 Transmutations


You had 5 spell levels left.
You knew the following spells:

 Your Spells              Type           Power        Failure   Level  Hunger
a - Beastly Appendage     Trmt           #.....       14%         1    ##.....


Dungeon Overview and Level Annotations

Branches:
Dungeon (4/27)
 Temple: D:4-7

Altars:
Vehumet
Yredelemnul


Innate Abilities, Weirdness & Mutations

You have hooves in place of feet.
Armour fits poorly on your strangely shaped body.
You digest meat inefficiently.
You cover ground very quickly.
You have a fast metabolism.
You have extremely tough skin (AC +3).


Message History

* * * LOW HITPOINT WARNING * * *
Drink which item? (? for menu, Esc to quit)
You feel refreshed.
It was a potion of restore abilities.
The orc wizard hits you with an orcish dagger.
* * * LOW HITPOINT WARNING * * *
The orc wizard hits you but does no damage.
The orc wizard completely misses you.
Drink which item? (? for menu, Esc to quit)
You feel more agile all of a sudden.
It was a potion of agility.
The orc wizard barely misses you. The orc wizard casts a spell at you.
The magic dart hits you!
* * * LOW HITPOINT WARNING * * *
You barely miss the orc wizard.
The orc wizard is moderately wounded.
The orc wizard closely misses you.
You barely miss the orc wizard.
The orc wizard is moderately wounded.
The orc wizard hits you with an orcish dagger.
You die...

#######.# #.#
#########'## #....%.....#
. #..........# ...
'..........# ....
#..........# ....<
#..........#######......#
#..........#....@o......#
#...%......'.#####....(.#
#(.........### .....
########'### #+## ##.#
###..# #...##
#####'###### #..........#


You could see an orc wizard.

Vanquished Creatures
  3 adders
  A worm (D:2)
  2 giant geckos (D:2)
  2 orcs (D:3)
  2 ball pythons
  4 giant cockroaches (D:1)
  6 hobgoblins
  5 kobolds
  An ooze (D:1)
  2 quokkas
  5 bats
  2 giant newts
  3 goblins
  4 jackals (D:3)
  11 rats
53 creatures vanquished.

Notes
Turn   | Place    | Note
--------------------------------------------------------------
     0 | D:1      | Malachi, the Centaur Transmuter, began the quest for the Orb.
     0 | D:1      | Reached XP level 1. HP: 16/16 MP: 1/1
   218 | D:1      | Reached XP level 2. HP: 14/23 MP: 2/2
   461 | D:1      | Reached skill level 4 in Unarmed Combat
   668 | D:1      | Reached XP level 3. HP: 4/28 MP: 4/4
  1566 | D:2      | Found a radiant altar of Vehumet.
  1567 | D:2      | Found a basalt altar of Yredelemnul.
  1621 | D:3      | Reached XP level 4. HP: 35/35 MP: 4/4
  2131 | D:3      | Reached skill level 5 in Unarmed Combat
  2215 | D:3      | HP: 1/35 [orc wizard/orcish dagger (3)]
  2218 | D:3      | Slain by an orc wizard

Action                   |  1- 3 |  4- 6 || total
-------------------------+-------+-------++-------
Melee: Unarmed           |   125 |    66 ||   191
  Use: Potion            |     1 |     2 ||     3
